 Dungeon Crawl Stone Soup version 0.25.0-9-g26727b657a (webtiles) character file.

Game seed: 13285220993254512740

626 Peloso the Covered (level 7, -1/61 HPs)
             Began as a Minotaur Fighter on June 18, 2020.
             Slain by a worker ant (5 damage)
             ... on level 4 of the Dungeon.
             The game lasted 00:06:14 (3492 turns).

Peloso the Covered (Minotaur Fighter)               Turns: 3492, Time: 00:06:14

Health: -1/61      AC:  7    Str: 21    XL:     7   Next: 23%
Magic:  6/6        EV:  8    Int:  5    God:
Gold:   121        SH: 10    Dex: 11    Spells: 6/6 levels left

rFire    . . .     SeeInvis .   a - +0 long sword
rCold    . . .     Gourm    .   c - +0 kite shield
rNeg     . . .     Faith    .   h - +0 scale mail
rPois    .         Spirit   .   (helmet restricted)
rElec    .         Reflect  .   (no cloak)
rCorr    .         Harm     .   (no gloves)
MR       .....                  (no boots)
Stlth    ..........             (no amulet)
HPRegen  0.20/turn              (no ring)
MPRegen  0.10/turn              (no ring)

@: no status effects
A: retaliatory headbutt, horns 2
a: no special abilities


You were on level 4 of the Dungeon.
You were very hungry.

You visited 1 branch of the dungeon, and saw 4 of its levels.

You collected 121 gold pieces.

Inventory:

Hand Weapons
 a - a +0 long sword (weapon)
 b - a +2 short sword of venom
Armour
 c - a +0 kite shield (worn)
 h - a +0 scale mail (worn)
Scrolls
 g - a scroll of enchant armour {unknown}
 j - a scroll of remove curse {unknown}
 k - a scroll of fear
 n - a scroll of amnesia {unknown}
Potions
 d - a potion of might
 e - a potion of flight
 l - a potion of haste
 o - 2 potions of berserk rage
Comestibles
 f - 6 rations


   Skills:
 + Level 5.1 Fighting
 + Level 5.6 Long Blades
 + Level 5.8 Armour
 + Level 1.6 Dodging
 + Level 1.0 Stealth
 + Level 5.7 Shields


You had 6 spell levels left.
You didn't know any spells.
Your spell library was empty.

Dungeon Overview and Level Annotations

Branches:
Dungeon (4/15)
 Temple: D:4-7

Altars:


Innate Abilities, Weirdness & Mutations

You reflexively headbutt those who attack you in melee.
You have a pair of horns on your head.


Message History

* * * LOW HITPOINT WARNING * * *
You block the worker ant's attack. You block the orc's attack.
The orc barely misses you.
It was a potion of heal wounds.
You feel much better. The worker ant barely misses you.
You block the orc's attack. The orc hits you with a +0 trident.
* * * LOW HITPOINT WARNING * * *
The orc hits you.
* * * LOW HITPOINT WARNING * * *
The orc hits you from afar with a +0 trident.
* * * LOW HITPOINT WARNING * * *
Found a stone staircase leading down.
Unknown command.
You block the worker ant's attack.
Found a mace.
The orc hits you with a +0 flail!
* * * LOW HITPOINT WARNING * * *
The orc barely misses you. The worker ant bites you.
You die...

... ..
....#####..
...........#
..)........#
............#
.........>..# #
#...........# #
+.........@.# .
#.......oa..#
#.......o#+##
#.......o#
#........#
....#........#
.....#....)...#
.... #...)....+
#... #........#


You could see a worker ant and 3 orcs.

Vanquished Creatures
  Edmund (D:4)
  A necrophage (D:4)
  A howler monkey (D:2)
  3 orc wizards
  3 orc priests (D:4)
  An iguana (D:4)
  2 worker ants (D:4)
  A gnoll (D:1)
  5 adders
  An adder skeleton (D:4)
  3 worms
  A dart slug (D:2)
  3 leopard geckos (D:2)
  5 orcs
  12 bats
  A giant cockroach (D:2)
  4 goblins
  8 hobgoblins
  7 jackals
  11 kobolds
  2 ball pythons
  A ball python skeleton (D:4)
  A frilled lizard (D:1)
  8 rats
86 creatures vanquished.

Notes
Turn   | Place    | Note
-------+----------+-------------------------------------------
     0 | D:1      | Peloso the Minotaur Fighter began the quest for the Orb.
     0 | D:1      | Reached XP level 1. HP: 19/19 MP: 0/0
    30 | D:1      | Reached XP level 2. HP: 14/27 MP: 1/1
   492 | D:1      | Reached XP level 3. HP: 25/33 MP: 2/2
   843 | D:2      | Reached XP level 4. HP: 18/40 MP: 3/3
  1144 | D:2      | Found a faded altar of an unknown god.
  1259 | D:2      | Reached XP level 5. HP: 35/46 MP: 4/4
  1262 | D:2      | Reached skill level 1 in Dodging
  1585 | D:2      | Reached skill level 5 in Armour
  1916 | D:3      | Reached skill level 5 in Shields
  2725 | D:4      | Reached XP level 6. HP: 27/53 MP: 5/5
  2926 | D:4      | Noticed Edmund
  2942 | D:4      | Killed Edmund
  2942 | D:4      | Reached skill level 1 in Stealth
  3241 | D:4      | Reached skill level 5 in Long Blades
  3291 | D:4      | Reached skill level 5 in Fighting
  3341 | D:4      | Reached XP level 7. HP: 55/59 MP: 6/6
  3485 | D:4      | HP: 1/59 [orc/+0 flail (3)]
  3492 | D:4      | Slain by a worker ant

Illustrated notes

Levels and vault maps discovered:
D:1:      lemuel_arrival_hallway, layout_rooms
D:2:      layout_loops_ring, chequers_ecumenical_altar_simple, minmay_unequal
D:3:      layout_basic
D:4:      layout_gridville, zin_purify, lemuel_doored_altar, temple_hall,
          first_ration, kennysheep_nondescript, uniq_edmund

Skill      XL: |  1  2  3  4  5  6 |
---------------+-------------------+-----
Fighting       | 4 5 |  5.1
Armour         | 4 5 |  5.8
Shields        | 4 5 |  5.7
Long Blades    | 3 4 5 |  5.6
Dodging        | 1 |  1.6
Stealth        | 1 |  1.0

Action                   |  1- 3 |  4- 6 |  7- 9 || total
-------------------------+-------+-------+-------++-------
Melee: Long sword        |    75 |   129 |    12 ||   216
       Headbutt          |    15 |    28 |     1 ||    44
  Use: Potion            |     1 |     2 |     1 ||     4
       Scroll            |       |     3 |       ||     3
  Eat: Chunk             |       |     7 |       ||     7
Armor: Scale mail        |    39 |    48 |     9 ||    96
Dodge: Dodged            |    27 |    52 |    17 ||    96
Block: Kite shield       |    51 |    75 |    21 ||   147
       Rpst.: Long sword |     9 |     8 |     3 ||    20
